 Dungeon Crawl Stone Soup version 0.29-a0-284-gf9362112df (webtiles) character file.

Game seed: 18273525603738481073

4 silky the Cudgeller (level 1, -2/20 HPs)
             Began as a Minotaur Chaos Knight on Mar 31, 2022.
             Was a Plaything of Xom.
             Slain by a jackal (3 damage)
             ... on level 1 of the Dungeon.
             The game lasted 00:00:13 (19 turns).

silky the Cudgeller (Minotaur Chaos Knight)           Turns: 19, Time: 00:00:14

Health: -2/20      AC:  5    Str: 16    XL:     1   Next: 50%
Magic:  0/0        EV: 11    Int:  9    God:    Xom [..*...]
Gold:   0          SH:  0    Dex:  9    Spells: 0/0 levels left

rFire   . . .      SeeInvis .   a - +0 mace (chaos)
rCold   . . .      Faith    .   (no shield)
rNeg    . . .      Spirit   .   b - +2 leather armour
rPois   .          Reflect  .   (helmet restricted)
rElec   .          Harm     .   (no cloak)
rCorr   .          Rampage  .   (no gloves)
Will    .....                   (no boots)
Stlth   +.........              (no amulet)
HPRegen 0.06/turn               (no ring)
MPRegen 0.07/turn               (no ring)

@: no status effects
A: horns 2, retaliatory headbutt
a: Renounce Religion


You were on level 1 of the Dungeon.
You worshipped Xom.
You were a toy of Xom.
You visited 1 branch of the dungeon, and saw 1 of its levels.

Inventory:

Hand Weapons
 a - a +0 mace of chaos (weapon)
Armour
 b - a +2 leather armour (worn)
Miscellaneous
 c - a piece from Xom's chessboard (14/15) (quivered)


   Skills:
 + Level 3.7 Fighting
 + Level 3.9 Maces & Flails
 + Level 2.4 Armour
 + Level 1.1 Dodging


You couldn't memorise any spells.
You didn't know any spells.
Your spell library was empty.

Dungeon Overview and Level Annotations

Branches:
Dungeon (1/15)

Altars:


Innate Abilities, Weirdness & Mutations

You have a pair of horns on your head.
You reflexively headbutt those who attack you in melee.


Message History

You punch the jackal.
The jackal is lightly wounded.
The jackal bites you. The jackal closely misses you.
You barely miss the jackal.
The jackal is lightly wounded.
The jackal bites you but does no damage.
The jackal bites you.
A giant cockroach comes into view.
The jackal bites you. x2
You closely miss the jackal.
The jackal is lightly wounded.
The jackal bites you but does no damage.
The jackal bites you.
The jackal bites you but does no damage.
You hit the jackal but do no damage.
The jackal resists with some effort.
Your headbutt misses the jackal. The jackal closely misses you.
You furiously retaliate!
You headbutt the jackal.
You kill the jackal!
The jackal closely misses you. You furiously retaliate!
You headbutt the jackal!
You kill the jackal!
The jackal barely misses you.
An endoplasm comes into view.
You closely miss the jackal. The jackal closely misses you.
The jackal barely misses you.
You hit the jackal but do no damage. The jackal closely misses you. x2
The rat closely misses you.
You make a move on Xom's chessboard...
The giant cockroach seems to slow down.
The jackal barely misses you. The rat bites you but does no damage.
You barely miss the jackal. The jackal bites you.
* * * LOW HITPOINT WARNING * * *
The jackal bites you.
* * * LOW HITPOINT WARNING * * *
The rat bites you.
* * * LOW HITPOINT WARNING * * *
Unknown command.
You hit the jackal. You freeze the jackal.
The jackal is moderately wounded.
The jackal bites you.
You die...

######
§§≈§§§### .
§≈§≈§§≈## ..
§§#§≈≈≈≈# ...
§≈≈≈≈≈≈≈## ....
≈§≈§≈#§≈# ...#
####≈≈≈§≈#J...#
#<......@hB...#
#>......†r....#
####≈≈§≈§#....#
§§≈≈≈#≈§#....#
≈§≈≈≈§≈## ####
§§#§§§≈≈#
≈§≈§§§§##
≈≈≈§###


You could see an endoplasm, a jackal, a giant cockroach (slow) and a rat.

Vanquished Creatures
  3 jackals (D:1)
3 creatures vanquished.

Notes
Turn   | Place    | Note
-------+----------+-------------------------------------------
     0 | D:1      | silky the Minotaur Chaos Knight began the quest for the
                  | Orb.
     0 | D:1      | Reached XP level 1. HP: 19/19 MP: 0/0
    18 | D:1      | HP: 1/20 [rat (3)]
    19 | D:1      | Slain by a jackal

Illustrated notes

Levels and vault maps discovered:
D:1:      lightli_molten_gateway, layout_rooms, serial_shops, shop,
          minmay_tree_intersection

Action                   || total
-------------------------++-------
Melee: Mace              ||    11
       Punch             ||     1
Evoke: Piece from Xom's  ||     1
Armor: Leather armour    ||    11
Dodge: Dodged            ||    13

Table legend: (Time is in decaauts)
 A = Elapsed time spent in this place.
 B = Non-inter-level travel time spent in this place.
 C = Inter-level travel time spent in this place.
 D = Time resting spent in this place.
 E = Time spent auto-exploring this place.
 F = Levels seen in this place.
 G = Mean time per level.
                   A        B        C        D        E       F      G
               +--------+--------+--------+--------+--------+-----+--------+
         Total |     21 |     21 |      0 |      0 |      7 |   1 |   21.0 |
       Dungeon |     21 |     21 |      0 |      0 |      7 |   1 |   21.0 |
               +--------+--------+--------+--------+--------+-----+--------+

Top non-repeatable levels by time:
     D:1: 21 daAuts
